 Dungeon Crawl Stone Soup version 0.31.0-9-g3a7656b989 (webtiles) character file.

Game seed: 9599826641694469031

228 qw the Skirmisher (level 5, -4/30 HPs)
             Began as a Deep Elf Hunter on Feb 3, 2024.
             Slain by a black bear (5 damage)
             ... on level 4 of the Dungeon.
             The game lasted 00:00:51 (2898 turns).

qw the Skirmisher (Deep Elf Hunter)                 Turns: 2898, Time: 00:00:52

Health: -4/30      AC:  6    Str: 10    XL:     5   Next: 71%
Magic:  7/7        EV: 11    Int: 14    God:
Gold:   63         SH:  0    Dex: 18    Spells: 4/4 levels left

rFire   . . .        a - +0 shortbow
rCold   . . .        (shield currently unavailable)
rNeg    . . .        i - +0 ring mail
rPois   +            (no helmet)
rElec   .            (no cloak)
rCorr   .            (no gloves)
SInv    .            m - +0 pair of boots
Will    .....        (no amulet)
Stlth   +            c - ring of poison resistance
HPRegen 0.25/turn    (no ring)
MPRegen 0.10/turn

%: no passive effects
@: about to teleport, hasted, very quick
A: no striking features
a: no special abilities


You were on level 4 of the Dungeon.
You visited 1 branch of the dungeon, and saw 4 of its levels.

You collected 162 gold pieces.
You spent 99 gold pieces at shops.


   Skills:
 - Level 2.0 Fighting
 + Level 9.0 Ranged Weapons
 - Level 0.3 Armour
 - Level 2.4 Dodging
 - Level 1.2 Stealth


You had 4 spell levels left.
You didn't know any spells.
Your spell library was empty.

Inventory:

Hand Weapons
 a - a +0 shortbow (weapon)
Armour
 i - a +0 ring mail (worn)
 m - a +0 pair of boots (worn)
Jewellery
 c - a ring of poison resistance (left hand)
Wands
 g - a wand of polymorph (4)
 k - a wand of paralysis (8)
Scrolls
 h - a scroll of teleportation
 j - a scroll of identify
Potions
 b - 3 potions of curing
 n - a potion of might

Dungeon Overview and Level Annotations

Branches:
Dungeon (4/15)
 Temple: D:4-7

Altars:
Xom

Shops:
D:3 [?:


Message History

The black bear is almost dead.
The black bear goes berserk!
2888 ||| RETREEEEATING.
The black bear attacks as it pursues you!
The black bear bites you but does no damage.
The black bear closely misses you.
The black bear claws you but does no damage.
2889 ||| RETREEEEATING.
The black bear attacks as it pursues you!
The black bear bites you. The black bear barely misses you.
The black bear claws you.
2890 ||| RETREEEEATING.
2891 ||| RETREEEEATING.
There is an open door here.
2892 ||| RETREEEEATING.
You shoot an arrow. The arrow barely misses the black bear.
The black bear completely misses you. The black bear barely misses you.
The black bear claws you.
You shoot an arrow.
The arrow closely misses the black bear.
The black bear bites you. The black bear claws you.
The black bear claws you but does no damage.
You shoot an arrow.
The arrow hits the black bear but does no damage.
The black bear is almost dead.
The black bear bites you! The black bear misses you. The black bear claws you.
2896 ||| READING 2 scrolls of teleportation.
As you read the scroll of teleportation, it crumbles to dust.
You feel strangely unstable. The black bear misses you.
The black bear barely misses you. The black bear claws you.
You shoot an arrow.
The arrow hits the black bear but does no damage.
The black bear is almost dead.
The black bear bites you. The black bear barely misses you.
The black bear claws you but does no damage.
You shoot an arrow. The arrow hits the black bear.
The black bear is almost dead.
The black bear barely misses you. The black bear claws you.
You die...

#..%..# #.....#
#.....# #.....#
#.....# #.o...#
#.....# ##h####
#@# #.# #.# #.#
#.#
#.################
#.................
##################


You could see a black bear (berserk) and an orc.

Vanquished Creatures
  A scorpion (D:3)
  Jessica (D:2)
  Natasha (thrice) (D:2)
  3 adders
  2 dart slugs
  A ribbon worm (D:2)
  2 orcs (D:3)
  3 ball pythons
  5 endoplasms
  A giant cockroach (D:4)
  5 goblins
  4 hobgoblins
  A quokka (D:2)
  2 bats (D:1)
  3 frilled lizards
  3 kobolds (D:2)
  3 rats
43 creatures vanquished.

Notes
Turn   | Place    | Note
-------+----------+-------------------------------------------
     0 | D:1      | qw the Deep Elf Hunter began the quest for the Orb.
     0 | D:1      | Reached XP level 1. HP: 12/12 MP: 3/3
     0 | D:1      | 0 ||| qw: Version: 0.3-a-155-g5e7d8dd
     0 | D:1      | 0 ||| qw: Game counter: 2993
     0 | D:1      | 0 ||| qw: Melee chars always use a shield: true
     0 | D:1      | 0 ||| qw: God list: Okawaru
     0 | D:1      | 0 ||| qw: Allow faded altars: false
     0 | D:1      | 0 ||| qw: Do Orc after clearing Dungeon:15 true
     0 | D:1      | 0 ||| qw: Do second Lair branch before Depths: true
     0 | D:1      | 0 ||| qw: Lair rune preference: random
     0 | D:1      | 0 ||| qw: Goals: Normal
     0 | D:1      | 0 ||| PLANNING D:1-11
   232 | D:1      | HP: 3/12 [ball python (1)]
   345 | D:1      | Reached XP level 2. HP: 15/16 MP: 4/4
   390 | D:1      | Reached skill level 6 in Ranged Weapons
   469 | D:1      | 469 ||| UPGRADING to +0 scale mail.
   479 | D:1      | 479 ||| DROPPING +0 leather armour.
   480 | D:1      | 480 ||| READING scroll labelled DISEUF LY MUG.
   481 | D:1      | 481 ||| READING 2 scrolls labelled NEIHODD KOXEAHAVAN.
   481 | D:1      | 481 ||| IDENTIFYING viscous grey potion
   482 | D:1      | 482 ||| READING scroll of identify.
   482 | D:1      | 482 ||| IDENTIFYING 2 puce potions
   483 | D:1      | 483 ||| READING scroll labelled IMOL SEXONA.
   484 | D:1      | 484 ||| DROPPING scroll of butterflies.
   485 | D:1      | 485 ||| DROPPING potion of degeneration.
   625 | D:2      | Noticed Natasha
   631 | D:2      | HP: 1/16 [Natasha/magic dart (12)]
   632 | D:2      | 632 ||| DRINKING 2 potions of heal wounds.
   633 | D:2      | Killed Natasha
   634 | D:2      | Reached skill level 7 in Ranged Weapons
   634 | D:2      | Reached XP level 3. HP: 12/20 MP: 5/5
   683 | D:2      | Noticed Natasha
   689 | D:2      | 689 ||| RETREEEEATING.
   701 | D:2      | Killed Natasha
   702 | D:2      | Reached XP level 4. HP: 9/25 MP: 6/6
   898 | D:2      | Noticed Natasha
   902 | D:2      | 902 ||| FLEEEEING.
   903 | D:2      | 903 ||| FLEEEEING.
   904 | D:2      | 904 ||| FLEEEEING.
   905 | D:2      | 905 ||| FLEEEEING.
   906 | D:2      | 906 ||| FLEEEEING.
   907 | D:2      | 907 ||| FLEEEEING.
   908 | D:2      | 908 ||| FLEEEEING.
   909 | D:2      | 909 ||| FLEEEEING.
   910 | D:2      | 910 ||| FLEEEEING.
   911 | D:2      | 911 ||| FLEEEEING.
   912 | D:2      | 912 ||| FLEEEEING.
   913 | D:2      | 913 ||| FLEEEEING.
   914 | D:2      | 914 ||| FLEEEEING.
   915 | D:2      | 915 ||| FLEEEEING.
   916 | D:2      | 916 ||| FLEEEEING.
   917 | D:2      | 917 ||| STAIRDANCE
  1019 | D:1      | 1019 ||| UPGRADING to ring of poison resistance.
  1020 | D:1      | 1020 ||| READING scroll labelled QOSA KUDOMMOZITI.
  1020 | D:1      | 1020 ||| ENCHANTING +0 shortbow.
  1071 | D:2      | Noticed Jessica
  1080 | D:2      | HP: 6/25 [Jessica/+0 dagger (6)]
  1081 | D:2      | 1081 ||| DRINKING potion of heal wounds.
  1083 | D:2      | Killed Jessica
  1152 | D:2      | Reached skill level 8 in Ranged Weapons
  1394 | D:2      | Found a shimmering altar of Xom.
  1436 | D:2      | 1436 ||| FLEEEEING.
  1437 | D:2      | 1437 ||| FLEEEEING.
  1438 | D:2      | 1438 ||| FLEEEEING.
  1439 | D:2      | 1439 ||| FLEEEEING.
  1440 | D:2      | 1440 ||| FLEEEEING.
  1441 | D:2      | 1441 ||| FLEEEEING.
  1442 | D:2      | 1442 ||| FLEEEEING.
  1443 | D:2      | 1443 ||| FLEEEEING.
  1444 | D:2      | 1444 ||| FLEEEEING.
  1445 | D:2      | 1445 ||| FLEEEEING.
  1446 | D:2      | 1446 ||| FLEEEEING.
  1447 | D:2      | 1447 ||| FLEEEEING.
  1448 | D:2      | 1448 ||| FLEEEEING.
  1449 | D:2      | 1449 ||| FLEEEEING.
  1450 | D:2      | 1450 ||| FLEEEEING.
  1451 | D:2      | 1451 ||| FLEEEEING.
  1452 | D:2      | 1452 ||| FLEEEEING.
  1453 | D:2      | 1453 ||| FLEEEEING.
  1453 | D:2      | Killed Natasha
  1454 | D:2      | 1454 ||| FLEEEEING.
  1456 | D:2      | 1456 ||| FLEEEEING.
  1457 | D:2      | 1457 ||| FLEEEEING.
  1458 | D:2      | 1458 ||| STAIRDANCE
  1500 | D:1      | 1500 ||| READING scroll labelled ZUAMEAFRIU.
  1862 | D:3      | Reached XP level 5. HP: 29/29 MP: 7/7
  2169 | D:3      | Reached skill level 9 in Ranged Weapons
  2502 | D:3      | Found Zivab's Book Boutique.
  2578 | D:3      | Found Durriph's Magic Scroll Shop.
  2586 | D:3      | 2586 ||| BUYING scroll of identify (22 gold).
  2586 | D:3      | Bought a scroll of identify for 22 gold pieces
  2586 | D:3      | 2586 ||| BUYING scroll of identify (22 gold).
  2586 | D:3      | Bought a scroll of identify for 22 gold pieces
  2586 | D:3      | 2586 ||| BUYING scroll of identify (22 gold).
  2586 | D:3      | Bought a scroll of identify for 22 gold pieces
  2586 | D:3      | 2586 ||| BUYING scroll of teleportation (33 gold).
  2586 | D:3      | Bought a scroll of teleportation for 33 gold pieces
  2750 | D:3      | Found Pomiu's Antique Armour Emporium.
  2757 | D:3      | 2757 ||| SHOPLISTING glowing ring mail (175 gold, have 63).
  2757 | D:3      | 2757 ||| SHOPLISTING pair of gloves (112 gold, have 63).
  2757 | D:3      | 2757 ||| SHOPLISTING shiny ring mail (175 gold, have 63).
  2801 | D:3      | 2801 ||| UPGRADING to +0 ring mail.
  2811 | D:3      | 2811 ||| DROPPING +0 scale mail.
  2812 | D:3      | 2812 ||| UPGRADING to +0 pair of boots.
  2817 | D:3      | 2817 ||| READING 6 scrolls of identify.
  2817 | D:3      | 2817 ||| IDENTIFYING metallic cyan potion
  2818 | D:3      | 2818 ||| READING 5 scrolls of identify.
  2818 | D:3      | 2818 ||| IDENTIFYING dark potion
  2819 | D:3      | 2819 ||| READING 4 scrolls of identify.
  2819 | D:3      | 2819 ||| IDENTIFYING viscous black potion
  2820 | D:3      | 2820 ||| READING 3 scrolls of identify.
  2820 | D:3      | 2820 ||| IDENTIFYING 3 smoky dark potions
  2821 | D:3      | 2821 ||| READING 2 scrolls of identify.
  2821 | D:3      | 2821 ||| IDENTIFYING 3 cyan potions
  2822 | D:3      | 2822 ||| DROPPING 3 potions of berserk rage.
  2823 | D:3      | 2823 ||| DROPPING potion of magic.
  2875 | D:4      | Noticed a black bear
  2876 | D:4      | 2876 ||| DRINKING potion of haste.
  2888 | D:4      | 2888 ||| RETREEEEATING.
  2889 | D:4      | 2889 ||| RETREEEEATING.
  2890 | D:4      | 2890 ||| RETREEEEATING.
  2891 | D:4      | 2891 ||| RETREEEEATING.
  2892 | D:4      | 2892 ||| RETREEEEATING.
  2895 | D:4      | HP: 7/30 [black bear (3)]
  2896 | D:4      | 2896 ||| READING 2 scrolls of teleportation.
  2897 | D:4      | HP: 1/30 [black bear (5)]
  2898 | D:4      | Slain by a black bear

Levels and vault maps discovered:
D:1:      dpeg_arrival_another_circle, layout_basic
D:2:      layout_loops_corners, basic_altar, grunt_ministairs_2, uniq_jessica,
          uniq_natasha
D:3:      layout_basic, serial_shops, shop, shop, shop
D:4:      layout_basic, kennysheep_slug_shrine, mainiacjoe_overflow_boulevard,
          minmay_temple_entry_butterflies, uniq_grinder, uniq_blork_the_orc

Skill      XL: |  1  2  3  4  5 |
---------------+----------------+-----
Ranged Weapons | 7 8 9 |  9.0
Fighting       | 2 |  2.0
Armour         | |  0.3
Dodging        | |  2.4
Stealth        | |  1.2

Action                     |  1- 3 |  4- 6 || total
---------------------------+-------+-------++-------
  Melee: Unarmed           |       |    15 ||    15
   Fire: Shortbow          |    60 |   128 ||   188
    Use: Scroll            |     4 |     8 ||    12
         Potion            |     1 |     2 ||     3
 Armour: Leather armour    |     4 |       ||     4
         Scale mail        |    23 |    36 ||    59
         Skin              |       |     4 ||     4
         Ring mail         |       |    15 ||    15
  Dodge: Dodged            |    12 |    50 ||    62

Table legend:
 A = Non-vault XP
 B = Vault XP
 C = Vault XP percentage of total XP
 D = Non-vault monster count
 E = Vault monster count
 F = Vault count percentage of total count
                 A         B        C        D         E       F
            +---------+---------+-------+---------+---------+-------
      Total |     253 |      74 |  22.6 |      39 |       4 |   9.3
            +---------+---------+-------+---------+---------+-------
        D:1 |      14 |       0 |   0.0 |       9 |       0 |   0.0
        D:2 |     104 |      74 |  41.6 |      13 |       4 |  23.5
        D:3 |     132 |       0 |   0.0 |      15 |       0 |   0.0
        D:4 |       3 |       0 |   0.0 |       2 |       0 |   0.0
            +---------+---------+-------+---------+---------+-------
